| TOP OF THE 1ST |
|
Fresno Grizzlies batting - Pitching for Norfolk Tides : RHP Casey Walters
|
|
Pitching: RHP Casey Walters
|
|
|
Batting: RHB Ben Hoffman
|
0-0: Called Strike 0-1: Ball 1-1: Foul Ball, location: 2F 1-2: Foul Ball, location: 2F 1-2: Ground out 6-3 (Groundball, 6, EV 100.0 MPH)
|
|
Batting: LHB Chris Cabrera
|
0-0: Ground out 3-1 (Groundball, 34, EV 81.2 MPH)
|
|
Batting: LHB Doug Anderson
|
0-0: Called Strike 0-1: Ball 1-1: Called Strike 1-2: Ball 2-2: Ball 3-2: Foul Ball, location: 2F 3-2: Foul Ball, location: 2F 3-2: SINGLE (Flyball, 34D, EV 95.6 MPH)
|
|
Batting: RHB Bill Cabrera
|
0-0: Ball 1-0: Called Strike Doug Anderson is caught stealing 2nd base 2-4
|
| Top of the 1st over - 0 runs, 1 hit, 0 errors, 0 left on base; Fresno 0 - Norfolk 0 |
| BOTTOM OF THE 1ST |
|
Norfolk Tides batting - Pitching for Fresno Grizzlies : LHP Carlos Toledo
|
|
Pitching: LHP Carlos Toledo
|
|
|
Batting: SHB Marvin Garcia
|
0-0: Ball 1-0: Ball 2-0: SINGLE (Groundball, 4D, EV 96.9 MPH)
|
|
Batting: LHB Tyler Allen
|
0-0: Called Strike Marvin Garcia steals 2nd base 0-1: Foul Ball, location: 2F 0-2: Ball 1-2: Ball 2-2: Strikes out looking
|
|
Batting: RHB Mike Hayward
|
0-0: Called Strike Marvin Garcia steals 3rd base 0-1: Ball 1-1: Foul Ball, location: 2F 1-2: Ball 2-2: Ball 3-2: Fly out, F4 (Line Drive, 4, EV 66.2 MPH)
|
|
Batting: LHB Bob Melley
|
0-0: Ball 1-0: Swinging Strike 1-1: Ball 2-1: Ball 3-1: Called Strike 3-2: Base on Balls
|
|
Batting: SHB Ben Pierce
|
0-0: Ball 1-0: Ball 2-0: Ball 3-0: Base on Balls Bob Melley to second
|
|
Batting: LHB Jose Chinchilla
|
0-0: Ball 1-0: Foul Ball, location: 2F 1-1: Fielders Choice at 2nd, 6-4 (Groundball, 6, EV 77.5 MPH)
|
| Bottom of the 1st over - 0 runs, 1 hit, 0 errors, 3 left on base; Fresno 0 - Norfolk 0 |
| TOP OF THE 2ND |
|
Fresno Grizzlies batting - Pitching for Norfolk Tides : RHP Casey Walters
|
|
Batting: RHB Bill Cabrera
|
0-0: Swinging Strike 0-1: Ball 1-1: Ball 2-1: Called Strike 2-2: Fly out, F9 (Flyball, 9, EV 86.9 MPH)
|
|
Batting: RHB Ramon Castellon
|
0-0: Ball 1-0: SINGLE (Line Drive, 4D, EV 101.2 MPH)
|
|
Batting: SHB Paskar Adegoke
|
0-0: Ball 1-0: Called Strike 1-1: Called Strike 1-2: Strikes out swinging
|
|
Batting: RHB Matt Parker
|
0-0: Ball 1-0: Ball 2-0: Fly out, F8 (Line Drive, 8RM, EV 93.8 MPH)
|
| Top of the 2nd over - 0 runs, 1 hit, 0 errors, 1 left on base; Fresno 0 - Norfolk 0 |
| BOTTOM OF THE 2ND |
|
Norfolk Tides batting - Pitching for Fresno Grizzlies : LHP Carlos Toledo
|
|
Batting: RHB Bobby Scholl
|
0-0: Called Strike 0-1: Ball 1-1: Foul Ball, location: 2F 1-2: Foul Ball, location: 2F 1-2: SINGLE (Line Drive, 4MD, EV 100.0 MPH)
|
|
Batting: LHB Johan de Vries
|
0-0: Ball 1-0: Ball 2-0: Fielders Choice at 2nd, 5-4 (Groundball, 56, EV 103.1 MPH)
|
|
Batting: RHB John Gray
|
0-0: Ball 1-0: Ball 2-0: Grounds into double play, 1-4-3 (Groundball, 25, EV 71.9 MPH)
|
| Bottom of the 2nd over - 0 runs, 1 hit, 0 errors, 0 left on base; Fresno 0 - Norfolk 0 |
| TOP OF THE 3RD |
|
Fresno Grizzlies batting - Pitching for Norfolk Tides : RHP Casey Walters
|
|
Batting: RHB Edgar Trejo
|
0-0: Ball 1-0: Called Strike 1-1: Ball 2-1: Swinging Strike 2-2: Foul Ball, location: 2F 2-2: Fly out, F5 (Popup, 56S, EV 76.2 MPH)
|
|
Batting: SHB Danny Jensen
|
0-0: Ball 1-0: Ball 2-0: Ball 3-0: Called Strike 3-1: Base on Balls
|
|
Batting: RHB Ben Hoffman
|
0-0: Ball 1-0: Foul Ball, location: 2F 1-1: Ball 2-1: Ball 3-1: Fly out, F9 (Line Drive, 89M, EV 101.2 MPH)
|
|
Batting: LHB Chris Cabrera
|
0-0: Fly out, F7 (Flyball, 7S, EV 75.0 MPH)
|
| Top of the 3rd over - 0 runs, 0 hits, 0 errors, 1 left on base; Fresno 0 - Norfolk 0 |
| BOTTOM OF THE 3RD |
|
Norfolk Tides batting - Pitching for Fresno Grizzlies : LHP Carlos Toledo
|
|
Batting: SHB Marvin Garcia
|
0-0: Called Strike 0-1: Ball 1-1: Foul Ball, location: 2F 1-2: Ball 2-2: Foul Ball, location: 2F 2-2: Ball 3-2: SINGLE (Groundball, 4MD, EV 101.2 MPH)
|
|
Batting: LHB Tyler Allen
|
0-0: Ball 1-0: Grounds into double play, 6-4-3 (Groundball, 6, EV 101.9 MPH)
|
|
Batting: RHB Mike Hayward
|
0-0: Ball 1-0: Ball 2-0: DOUBLE (Line Drive, 7LM, EV 86.2 MPH)
|
|
Batting: LHB Bob Melley
|
0-0: Ball 1-0: Ball 2-0: Swinging Strike 2-1: Ball 3-1: SINGLE (Line Drive, 8LS, EV 99.4 MPH) Mike Hayward to third Runner from 3rd tries for Home, SAFE, throw by CF to home
|
|
Batting: SHB Ben Pierce
|
0-0: Called Strike 0-1: Ball 1-1: Called Strike Bob Melley steals 2nd base 1-2: Strikes out swinging
|
| Bottom of the 3rd over - 1 run, 3 hits, 0 errors, 1 left on base; Fresno 0 - Norfolk 1 |
| TOP OF THE 4TH |
|
Fresno Grizzlies batting - Pitching for Norfolk Tides : RHP Casey Walters
|
|
Batting: LHB Doug Anderson
|
0-0: Foul Ball, location: 2F 0-1: Called Strike 0-2: Strikes out swinging
|
|
Batting: RHB Bill Cabrera
|
0-0: Ball 1-0: Ground out 6-3 (Groundball, 6D, EV 84.4 MPH)
|
|
Batting: RHB Ramon Castellon
|
0-0: Swinging Strike 0-1: Ball 1-1: Fly out, F8 (Flyball, 89M, EV 90.0 MPH)
|
| Top of the 4th over - 0 runs, 0 hits, 0 errors, 0 left on base; Fresno 0 - Norfolk 1 |
| BOTTOM OF THE 4TH |
|
Norfolk Tides batting - Pitching for Fresno Grizzlies : LHP Carlos Toledo
|
|
Batting: LHB Jose Chinchilla
|
0-0: Ball 1-0: Foul Ball, location: 2F 1-1: Ball 2-1: SINGLE (Line Drive, 56D, EV 93.8 MPH)
|
|
Batting: RHB Bobby Scholl
|
0-0: Swinging Strike 0-1: Ball 1-1: Grounds into double play, 5-4-3 (Groundball, 5, EV 100.0 MPH)
|
|
Pitching: RHP Shane Walker
|
|
|
Batting: LHB Johan de Vries
|
0-0: Called Strike 0-1: Swinging Strike 0-2: Ball 1-2: Strikes out swinging
|
| Bottom of the 4th over - 0 runs, 1 hit, 0 errors, 0 left on base; Fresno 0 - Norfolk 1 |
| TOP OF THE 5TH |
|
Fresno Grizzlies batting - Pitching for Norfolk Tides : RHP Casey Walters
|
|
Batting: SHB Paskar Adegoke
|
0-0: Ground out 4-3 (Groundball, 4, EV 88.8 MPH)
|
|
Batting: RHB Matt Parker
|
0-0: Foul Ball, location: 2F 0-1: Ball 1-1: Ground out 6-3 (Groundball, 6S, EV 84.4 MPH)
|
|
Batting: RHB Edgar Trejo
|
0-0: Ball 1-0: Ball 2-0: Called Strike 2-1: Foul Ball, location: 2F 2-2: Strikes out looking
|
| Top of the 5th over - 0 runs, 0 hits, 0 errors, 0 left on base; Fresno 0 - Norfolk 1 |
| BOTTOM OF THE 5TH |
|
Norfolk Tides batting - Pitching for Fresno Grizzlies : RHP Shane Walker
|
|
Batting: RHB John Gray
|
0-0: Ball 1-0: Called Strike 1-1: Ball 2-1: Fly out, F4 (Line Drive, 4, EV 71.9 MPH)
|
|
Batting: SHB Marvin Garcia
|
0-0: Ball 1-0: Foul Ball, location: 2F 1-1: Foul Ball, location: 2F 1-2: Foul Ball, location: 2F 1-2: Fly out, F7 (Line Drive, 78M, EV 95.6 MPH)
|
|
Batting: LHB Tyler Allen
|
0-0: Ball 1-0: SINGLE (Groundball, 34D, EV 105.0 MPH)
|
|
Batting: RHB Mike Hayward
|
0-0: Fly out, F8 (Flyball, 8LXD, EV 90.6 MPH)
|
| Bottom of the 5th over - 0 runs, 1 hit, 0 errors, 1 left on base; Fresno 0 - Norfolk 1 |
| TOP OF THE 6TH |
|
Fresno Grizzlies batting - Pitching for Norfolk Tides : RHP Casey Walters
|
|
Batting: SHB Danny Jensen
|
0-0: Foul Ball, location: 2F 0-1: Ball 1-1: Called Strike 1-2: Foul Ball, location: 2F 1-2: Ball 2-2: Strikes out looking
|
|
Batting: RHB Ben Hoffman
|
0-0: Ball 1-0: Ball 2-0: Called Strike 2-1: Foul Ball, location: 2F 2-2: Ground out 5-3 (Groundball, 5S, EV 68.8 MPH)
|
|
Batting: LHB Chris Cabrera
|
0-0: Foul Ball, location: 2F 0-1: Swinging Strike 0-2: Strikes out swinging
|
| Top of the 6th over - 0 runs, 0 hits, 0 errors, 0 left on base; Fresno 0 - Norfolk 1 |
| BOTTOM OF THE 6TH |
|
Norfolk Tides batting - Pitching for Fresno Grizzlies : RHP Shane Walker
|
|
Batting: LHB Bob Melley
|
0-0: Swinging Strike 0-1: Ball 1-1: Foul Ball, location: 2F 1-2: Ball 2-2: Ball 3-2: Foul Ball, location: 2F 3-2: Base on Balls
|
|
Batting: SHB Ben Pierce
|
0-0: SINGLE (Groundball, 56D, EV 100.0 MPH) Bob Melley to second
|
|
Batting: LHB Jose Chinchilla
|
0-0: Ball 1-0: Ball 2-0: Fly out, F8 (Flyball, 8LD, EV 91.9 MPH)
|
|
Batting: RHB Bobby Scholl
|
0-0: Ball 1-0: Foul Ball, location: 2F 1-1: SINGLE (Groundball, 6MD, EV 94.4 MPH) Bob Melley to third Ben Pierce to second
|
|
Batting: LHB Johan de Vries
|
0-0: Grounds into double play, 1-2-3 (Groundball, 13S, EV 65.0 MPH)
|
| Bottom of the 6th over - 0 runs, 2 hits, 0 errors, 2 left on base; Fresno 0 - Norfolk 1 |
| TOP OF THE 7TH |
|
Fresno Grizzlies batting - Pitching for Norfolk Tides : RHP Casey Walters
|
|
Batting: LHB Doug Anderson
|
0-0: Ground out 6-3 (Groundball, 6S, EV 73.8 MPH)
|
|
Batting: RHB Bill Cabrera
|
0-0: Ball 1-0: Ball 2-0: Called Strike 2-1: Foul Ball, location: 2F 2-2: Strikes out looking
|
|
Batting: RHB Ramon Castellon
|
0-0: Ball 1-0: Ball 2-0: Foul Ball, location: 2F 2-1: Fly out, F9 (Flyball, 9S, EV 75.0 MPH)
|
| Top of the 7th over - 0 runs, 0 hits, 0 errors, 0 left on base; Fresno 0 - Norfolk 1 |
| BOTTOM OF THE 7TH |
|
Norfolk Tides batting - Pitching for Fresno Grizzlies : RHP Shane Walker
|
|
Pitching: RHP Travis Tovey
|
|
|
Batting: RHB John Gray
|
0-0: Ball 1-0: Ball 2-0: Ball 3-0: Called Strike 3-1: Fly out, F5 (Line Drive, 5, EV 66.2 MPH)
|
|
Batting: SHB Marvin Garcia
|
0-0: Single, Error in OF, E8, batter to second base (Groundball, 4MD, EV 104.4 MPH)
|
|
Batting: LHB Tyler Allen
|
0-0: Fly out, F9 (Flyball, 89M, EV 91.2 MPH) Runner from 2nd tags up, SAFE at 3rd with throw by RF
|
|
Batting: RHB Mike Hayward
|
0-0: Ball 1-0: Called Strike 1-1: Foul Ball, location: 2F 1-2: Foul Ball, location: 2F 1-2: SINGLE (Flyball, 89M, EV 90.6 MPH) Marvin Garcia scores
|
|
Batting: LHB Bob Melley
|
0-0: Called Strike 0-1: Ball 1-1: Ball 2-1: Foul Ball, location: 2F 2-2: Ball 3-2: Foul Ball, location: 2F 3-2: Foul Ball, location: 2F 3-2: Base on Balls Mike Hayward to second
|
|
Batting: SHB Ben Pierce
|
0-0: Fly out, F5 (Popup, 56S, EV 78.8 MPH)
|
| Bottom of the 7th over - 1 run, 2 hits, 1 error, 2 left on base; Fresno 0 - Norfolk 2 |
| TOP OF THE 8TH |
|
Fresno Grizzlies batting - Pitching for Norfolk Tides : RHP Casey Walters
|
|
Batting: SHB Paskar Adegoke
|
0-0: Ball 1-0: Ball 2-0: Called Strike 2-1: SINGLE (Line Drive, 78M, EV 94.4 MPH)
|
|
Batting: RHB Matt Parker
|
0-0: Swinging Strike 0-1: Fly out, F7 (Flyball, 78M, EV 82.5 MPH)
|
|
Batting: RHB Edgar Trejo
|
0-0: Ball 1-0: Fly out, F8 (Flyball, 8LXD, EV 90.0 MPH)
|
|
Batting: SHB Danny Jensen
|
0-0: Called Strike 0-1: Ball 1-1: Foul Ball, location: 2F 1-2: Ground out U3 (Groundball, 3, EV 83.1 MPH)
|
| Top of the 8th over - 0 runs, 1 hit, 0 errors, 1 left on base; Fresno 0 - Norfolk 2 |
| BOTTOM OF THE 8TH |
|
Norfolk Tides batting - Pitching for Fresno Grizzlies : RHP Travis Tovey
|
|
Pitching: RHP Willie Jimenez
|
|
|
Batting: LHB Jose Chinchilla
|
0-0: Ball 1-0: Foul Ball, location: 2F 1-1: Ball 2-1: SOLO HOME RUN (Line Drive, 9D, EV 98.8 MPH), Distance : 366 ft
|
|
Batting: RHB Bobby Scholl
|
0-0: Called Strike 0-1: Foul Ball, location: 2F 0-2: Ball 1-2: SINGLE (Flyball, 9LS, EV 86.9 MPH)
|
|
Batting: LHB Johan de Vries
|
0-0: Ball 1-0: Bunted foul 1-1: Sac Bunt to 15S - play at first, batter OUT! 1-3 Bobby Scholl to second
|
|
Batting: RHB John Gray
|
0-0: Foul Ball, location: 2F 0-1: Ball 1-1: Fly out, F9 (Flyball, 89S, EV 82.5 MPH)
|
|
Batting: SHB Marvin Garcia
|
0-0: Called Strike 0-1: Ball 1-1: Swinging Strike 1-2: Foul Ball, location: 2F 1-2: Strikes out swinging
|
| Bottom of the 8th over - 1 run, 2 hits, 0 errors, 1 left on base; Fresno 0 - Norfolk 3 |
| TOP OF THE 9TH |
|
Fresno Grizzlies batting - Pitching for Norfolk Tides : RHP Casey Walters
|
|
Pitching: RHP Aaron Schneider
|
|
|
Batting: RHB Ben Hoffman
|
0-0: Ball 1-0: Ground out 4-3 (Groundball, 4S, EV 81.2 MPH)
|
|
Batting: LHB Chris Cabrera
|
0-0: SINGLE (Groundball, 4MD, EV 101.9 MPH)
|
|
Batting: LHB Doug Anderson
|
0-0: Ball 1-0: Swinging Strike 1-1: Swinging Strike 1-2: Strikes out swinging
|
|
Batting: RHB Bill Cabrera
|
0-0: Ball 1-0: Ball 2-0: Ball 3-0: Called Strike 3-1: Called Strike 3-2: Fly out, F9 (Flyball, 9D, EV 80.0 MPH)
|
| Top of the 9th over - 0 runs, 1 hit, 0 errors, 1 left on base; Fresno 0 - Norfolk 3 |
|